 Dungeon Crawl Stone Soup version 0.17.2 (webtiles) character file.

264 Goblin1989 the Insei (level 5, -3/41 HPs)
             Began as a Demonspawn Monk on June 17, 2016.
             Slain by Edmund
             ... wielding a +0 flail of protection
              (13 damage)
             ... on level 4 of the Dungeon.
             The game lasted 00:06:29 (2487 turns).

Goblin1989 the Insei (Demonspawn Monk)              Turns: 2487, Time: 00:06:29

Health: -3/41      AC: 10    Str: 18    XL:     5   Next: 98%
Magic:  5/5        EV: 12    Int: 11    God:
Gold:   197        SH:  0    Dex: 15    Spells: 0 memorised, 4 levels left

rFire  + . .     SeeInvis .       - Unarmed
rCold  . . .     Clarity  .     h - +0 ring mail
rNeg   . . .     SustAt   .     (no shield)
rPois  .         Gourm    .     c - +2 hat
rElec  .         Spirit   .     (no cloak)
rCorr  .         Warding  .     (no gloves)
rMut   .         Stasis   .     (no boots)
MR     .....                    (no amulet)
Stlth  +.........               (no ring)
                                l - +5 ring of strength

@: not resistant to hostile enchantments, very unstealthy
A: thin metallic scales 2, fire resistance 1
a: no special abilities


You were on level 4 of the Dungeon.
You were very hungry.

You visited 1 branch of the dungeon, and saw 4 of its levels.

You collected 197 gold pieces.

Inventory:

Armour
 c - a +2 hat (worn)
 h - a +0 ring mail (worn)
Jewellery
 l - a +5 ring of strength (left hand)
 v - an uncursed ring of ice {rC+, rF-}
Wands
 d - a wand of confusion (30)
Scrolls
 a - 2 scrolls of teleportation {unknown}
 f - 4 scrolls of fog {unknown}
 g - 4 scrolls of remove curse
 i - 2 scrolls of fear {unknown}
 m - a scroll of blinking {unknown}
 n - 4 scrolls of enchant weapon {unknown}
 q - a scroll of random uselessness {unknown}
 s - a scroll of magic mapping {unknown}
Potions
 e - a potion of heal wounds
 k - a potion of lignification {!q}
 p - a potion of might
 r - a potion of agility {unknown}
 t - 4 potions of curing
 u - a potion of haste {unknown}
 x - a potion of degeneration {!q}
Comestibles
 b - 2 bread rations
 j - 2 fruits
 o - a beef jerky


   Skills:
 - Level 3.0 Fighting
 - Level 2.6 Dodging
 - Level 1.7 Stealth
 + Level 6.6 Unarmed Combat


You had 4 spell levels left.
You didn't know any spells.

Dungeon Overview and Level Annotations

Branches:
Dungeon (4/15)
 Temple: D:4-7

Altars:

Annotations:
D:4 Edmund


Innate Abilities, Weirdness & Mutations

You are mostly covered in thin metallic scales (AC +3).
Your flesh is heat resistant.


Message History

You closely miss Edmund.
Edmund asks, "Have you met my wondrous brother?"
Edmund hits you with a flail of protection.
You take 5 damage, and have 17/41 hp.
You closely miss Edmund.
Edmund hits you with a flail of protection.
You take 2 damage, and have 15/41 hp.
You hit Edmund. You hit Edmund.
Edmund hits you with a flail of protection.
You take 2 damage, and have 13/41 hp.
You hit Edmund.
Edmund hits you with a flail of protection.
* * * LOW HITPOINT WARNING * * *
You take 3 damage, and have 10/41 hp.
You hit Edmund. Edmund closely misses you.
You closely miss Edmund. You punch Edmund!
Edmund hits you with a flail of protection!
You die...

........... #..
.# ...........
#..#.#
...........
#..#.#
........... #..
..#.# .........(.
.. ###.#.###
...........
######
#.##.......
.......... ......
#..#.#.@.# ######
#..#$#.@.#.#
.###....#...#.##
.......<.........
###.#..#...#.#..
#..#..##.# #.#
#.##.#..# # #.#
.# #.##....# #.#
#.# #.##....# #.#
#.# #.##....#


You could see Edmund.

Vanquished Creatures
  Blork the orc (D:4)
  A jelly (D:4)
  2 orc wizards (D:4)
  A worker ant (D:4)
  An adder (D:2)
  2 oozes
  A worm (D:4)
  3 orcs (D:4)
  2 ball pythons
  5 giant cockroaches
  5 goblins
  8 hobgoblins
  8 jackals
  9 bats
  3 giant geckos
  3 giant newts (D:1)
  6 kobolds
  2 quokka skeletons (D:4)
  4 rats
67 creatures vanquished.

Notes
Turn   | Place    | Note
--------------------------------------------------------------
     0 | D:1      | Goblin1989 the Demonspawn Monk began the quest for the Orb.
     0 | D:1      | Reached XP level 1. HP: 18/18 MP: 1/1
    94 | D:1      | Reached skill level 4 in Unarmed Combat
   147 | D:1      | Gained mutation: Your flesh is heat resistant. [demonic ancestry]
   147 | D:1      | Reached XP level 2. HP: 14/24 MP: 2/2
   567 | D:1      | Gained mutation: You are partially covered in thin metallic scales (AC +2). [demonic ancestry]
   567 | D:1      | Reached XP level 3. HP: 26/29 MP: 3/3
   977 | D:2      | Reached skill level 5 in Unarmed Combat
  1308 | D:3      | Reached XP level 4. HP: 35/35 MP: 4/4
  1886 | D:4      | Got a transparent long sword
  1887 | D:4      | Identified the +3 long sword of Trog's Esteem {slice, rElec MP-9 Str+4 Int+2} (You found it on level 4 of the Dungeon)
  1933 | D:4      | Noticed Blork the orc
  1948 | D:4      | Killed Blork the orc
  1948 | D:4      | Reached skill level 6 in Unarmed Combat
  1948 | D:4      | Gained mutation: You are mostly covered in thin metallic scales (AC +3). [demonic ancestry]
  1948 | D:4      | Reached XP level 5. HP: 31/41 MP: 5/5
  2452 | D:4      | Noticed Edmund
  2487 | D:4      | Slain by Edmund

Action                   |  1- 3 |  4- 6 || total
-------------------------+-------+-------++-------
Melee: Unarmed           |   184 |   132 ||   316
  Use: Scroll            |     2 |     3 ||     5
       Potion            |       |     1 ||     1
 Stab: Sleeping          |     4 |       ||     4
       Distracted        |     1 |       ||     1
  Eat: Chunk             |     1 |     1 ||     2
       Royal jelly       |       |     1 ||     1
